 Dungeon Crawl Stone Soup version 0.31.0-11-ge490571c62 (webtiles) character file.

Game seed: 1653768759227002817

174 wingedge the Digger (level 5, -6/38 HPs)
             Began as a Demigod Earth Elementalist on Jan 30, 2024.
             Mangled by Edmund
             ... wielding a +2 flail of holy wrath
              (9 damage)
             ... on level 3 of the Dungeon.
             The game lasted 00:08:20 (2519 turns).

wingedge the Digger (Demigod Earth Elementalist)    Turns: 2519, Time: 00:08:21

Health: -6/38      AC:  3    Str:  9    XL:     5   Next: 7%
Magic:  12/12      EV: 12    Int: 21    God:
Gold:   79         SH:  0    Dex: 14    Spells: 2/9 levels left

rFire   . . .        o - +0 short sword
rCold   . . .        (no shield)
rNeg    . . .        a - +0 robe
rPois   .            (no helmet)
rElec   .            (no cloak)
rCorr   .            (no gloves)
SInv    .            m - +0 pair of boots
Will    +....        (no amulet)
Stlth   ++           h - ring of willpower
HPRegen 0.26/turn    (no ring)
MPRegen 0.13/turn

%: no passive effects
@: very slightly contaminated
A: high MP 1, forlorn, divine attributes
a: no special abilities


You were on level 3 of the Dungeon.
You visited 1 branch of the dungeon, and saw 4 of its levels.

You collected 79 gold pieces.

Inventory:

Hand Weapons
 o - a +0 short sword (weapon)
Armour
 a - a +0 robe (worn)
 i - a +0 leather armour
 m - a +0 pair of boots (worn)
Jewellery
 h - a ring of willpower (left hand)
Talismans
 l - a beast talisman
Scrolls
 c - a scroll of revelation {unknown}
 d - 2 scrolls of amnesia {unknown}
 e - a scroll of blinking {unknown}
 j - 2 scrolls of teleportation {unknown}
 p - a scroll of fog {unknown}
Potions
 f - 2 potions of brilliance {unknown}
 g - 3 potions of curing {unknown}
 k - a potion of might {unknown}
 n - a potion of lignification {unknown}


   Skills:
 - Level 1.7 Dodging
 - Level 1.7 Stealth
 + Level 2.8 Spellcasting
 + Level 2.4 Conjurations
 + Level 0.0 Air Magic
 - Level 4.0 Earth Magic
 + Level 1.1 Alchemy


You had 2 spell levels left.
You knew the following spells:

 Your Spells              Type           Power      Damage    Failure   Level
a - Sandblast             Erth           38%        2d10      2%          1
b - Stone Arrow           Conj/Erth      32%        3d9       11%         3
c - Sting                 Conj/Alch      40%        1d5       7%          1
d - Mercury Vapours       Alch/Air       10%        N/A       16%         2

Your spell library contained the following spells:

 Spells                   Type           Power      Damage    Failure   Level
 Passwall                 Erth           19%        N/A       8%          3
 Brom's Barrelling Bould  Conj/Erth      16%        2d4       36%         4
 Petrify                  Alch/Erth      13%        N/A       43%         4
 Olgreb's Toxic Radiance  Alch           7%         N/A       63%         4


Dungeon Overview and Level Annotations

Branches:
Dungeon (4/15)
 Temple: D:4-7

Annotations:
D:3 Edmund


Innate Abilities, Weirdness & Mutations

You have an increased reservoir of magic. (+10% MP)
You shall have no god before yourself.
Your divine heritage dramatically boosts your attributes as you level up.


Message History

Edmund hits you with a +2 flail of holy wrath.
Magic courses through your body.
Edmund hits you with a +2 flail of holy wrath.
Casting: Stone Arrow (dangerous; 11% risk of failure)
Confirm with . or Enter, or press ? or * to list all spells.
Aiming: Stone Arrow (dangerous; 11% risk of failure)
Press: ? - help, Shift-Dir - straight line, f/p - Edmund
Aim: Edmund, wielding a +2 flail of holy wrath and wearing a +0 scale mail (72% to hit)
The stone arrow hits Edmund!
Edmund is moderately wounded.
Edmund barely misses you.
Casting: Stone Arrow (dangerous; 11% risk of failure)
Confirm with . or Enter, or press ? or * to list all spells.
Aiming: Stone Arrow (dangerous; 11% risk of failure)
Press: ? - help, Shift-Dir - straight line, f/p - Edmund
Aim: Edmund, wielding a +2 flail of holy wrath and wearing a +0 scale mail (moderately wounded, 72% to hit)
You miscast Stone Arrow.
Sand pours from your hands.
Edmund hits you with a +2 flail of holy wrath.
Casting: Stone Arrow (dangerous; 11% risk of failure)
Confirm with . or Enter, or press ? or * to list all spells.
Aiming: Stone Arrow (dangerous; 11% risk of failure)
Press: ? - help, Shift-Dir - straight line, f/p - Edmund
Aim: Edmund, wielding a +2 flail of holy wrath and wearing a +0 scale mail (moderately wounded, 72% to hit)
The stone arrow hits Edmund but does no damage.
Edmund is moderately wounded.
Edmund hits you with a +2 flail of holy wrath!
* * * LOW HITPOINT WARNING * * *
Casting: Stone Arrow (dangerous; 11% risk of failure)
Confirm with . or Enter, or press ? or * to list all spells.
Aiming: Stone Arrow (dangerous; 11% risk of failure)
Press: ? - help, Shift-Dir - straight line, f/p - Edmund
Aim: Edmund, wielding a +2 flail of holy wrath and wearing a +0 scale mail (moderately wounded, 72% to hit)
The stone arrow misses Edmund.
Edmund gestures with his flail.
Edmund hits you with a +2 flail of holy wrath!
* * * LOW HITPOINT WARNING * * *
Magic courses through your body.
Edmund hits you with a +2 flail of holy wrath!
You die...
Edmund whines, "They better pay attention to me now!"

########### >.........#
############
#########.#####@.........## #
#........@..#......####### #
#####..#####.##.#.###.....†... #
#......#####.##.#.# #..####### #
#.#..........##.#.# #..####### #
#.##...#####.##.#.# #.........
####.###..# #......#.####.#######
..........###.###.....###.#######
......##.#....# #...#............
###...##.#.##.###.....###........


You could see Edmund.

Vanquished Creatures
  A howler monkey (D:3)
  An orc priest (D:3)
  4 adders (D:2)
  A dart slug (D:2)
  A ribbon worm (D:2)
  4 orcs (D:3)
  7 bats
  6 endoplasms
  4 giant cockroaches
  3 goblins
  5 hobgoblins
  4 jackals
  4 kobolds
  8 ball pythons
  3 frilled lizards
  6 rats
62 creatures vanquished.

Notes
Turn   | Place    | Note
-------+----------+-------------------------------------------
     0 | D:1      | wingedge the Demigod Earth Elementalist began the quest for
                  | the Orb.
     0 | D:1      | Reached XP level 1. HP: 14/14 MP: 5/5
    25 | D:1      | Reached skill level 3 in Earth Magic
   186 | D:1      | Reached XP level 2. HP: 20/20 MP: 4/7
   952 | D:2      | Reached XP level 3. HP: 26/26 MP: 4/8
   991 | D:2      | Learned a level 3 spell: Stone Arrow
  1015 | D:2      | Reached skill level 4 in Earth Magic
  1070 | D:2      | Reached skill level 1 in Conjurations
  1585 | D:2      | Reached XP level 4. HP: 33/33 MP: 7/10
  1989 | D:3      | Learned a level 1 spell: Sting
  2298 | D:3      | Reached skill level 1 in Alchemy
  2298 | D:3      | Reached XP level 5. HP: 38/38 MP: 7/12
  2338 | D:3      | Learned a level 2 spell: Mercury Vapours
  2502 | D:4      | Noticed Edmund
  2519 | D:3      | Mangled by Edmund

Illustrated notes

Levels and vault maps discovered:
D:1:      saegor_arrival_simple_a, layout_rooms, minivault_14,
          chequers_serial_rivers_small_b
D:2:      layout_basic, shapermc_ecumenical_altar_hornbeckon
D:3:      cheibrodos_old_hovel, layout_loops_ring, minmay_misc_feat_cross
D:4:      layout_basic, nicolae_overflow_guarded_unrand_okawaru_victory,
          minmay_temple_entry_grid, uniq_edmund

Skill      XL: |  1  2  3  4 |
---------------+-------------+-----
Earth Magic    | 3 4 |  4.0
Conjurations   | 1 2 |  2.4
Spellcasting   | 2 |  2.8
Alchemy        | 1 |  1.1
Dodging        | |  1.7
Stealth        | |  1.7

Action                     |  1- 3 |  4- 6 || total
---------------------------+-------+-------++-------
   Cast: Sandblast         |    61 |    14 ||    75
         Stone Arrow       |       |    10 ||    10
         Mercury Vapours   |       |     2 ||     2
    Use: Potion            |       |     2 ||     2
 Armour: Robe              |     6 |    10 ||    16
  Dodge: Dodged            |     4 |     2 ||     6
